 Dungeon Crawl Stone Soup version 0.29-a0-364-g921d912d32 (webtiles) character file.

Game seed: 5979021029535859141

292 lesaewzxc the Bolt Thrower (level 6, -5/37 HPs)
             Began as a Kobold Arcane Marksman on Apr 30, 2022.
             Killed by divine providence
             ... invoked by an orc priest
              (11 damage)
             ... on level 4 of the Dungeon.
             The game lasted 00:14:09 (2312 turns).

lesaewzxc the Bolt Thrower (Kobold Arcane Marksman) Turns: 2312, Time: 00:14:09

Health: -5/37      AC:  4    Str:  7    XL:     6   Next: 59%
Magic:  9/10       EV: 16    Int: 15    God:
Gold:   135        SH:  0    Dex: 17    Spells: 9/10 levels left

rFire   . . .      SeeInvis .   k - +7 quarterstaff of Ufyamuewk {vorpal, rCorr}
rCold   . . .      Faith    .   (shield currently unavailable)
rNeg    . . .      Spirit   .   b - +1 robe
rPois   .          Reflect  .   (no helmet)
rElec   .          Harm     .   e - +0 cloak
rCorr   +          Rampage  .   (no gloves)
Will    .....                   (no boots)
Stlth   +++.......              (no amulet)
HPRegen 0.12/turn               (no ring)
MPRegen 0.12/turn               (no ring)

@: no status effects
A: small, no large weapons, nightstalker 3
a: no special abilities


You were on level 4 of the Dungeon.
You visited 1 branch of the dungeon, and saw 4 of its levels.

You collected 135 gold pieces.

Inventory:

Hand Weapons
 a - a +1 hand crossbow of freezing
 k - the +7 quarterstaff of Ufyamuewk (weapon) {vorpal, rCorr}
   (You found it on level 2 of the Dungeon)

   It inflicts extra damage upon your enemies.
   rCorr:     It protects you from acid and corrosion.
Missiles
 j - 2 poisoned darts (quivered)
Armour
 b - a +1 robe (worn)
 e - a +0 cloak (worn)
Magical Staves
 i - a staff of poison
Scrolls
 c - a scroll of vulnerability
 m - a scroll of fog {unknown}
 n - a scroll of identify {unknown}
Potions
 f - a potion of degeneration


   Skills:
 + Level 3.0 Fighting
 + Level 4.4 Crossbows
 + Level 4.0 Dodging
 + Level 2.8 Spellcasting
 + Level 4.0 Hexes


You had 9 spell levels left.
You knew the following spells:

 Your Spells              Type           Power      Damage    Failure   Level
a - Slow                  Hex            56%        N/A       3%          1

Your spell library contained the following spells:

 Spells                   Type           Power      Damage    Failure   Level
 Inner Flame              Hex/Fire       8%         N/A       26%         3
 Portal Projectile        Hex/Tloc       16%        N/A       26%         3
 Cause Fear               Hex            7%         N/A       36%         4


Dungeon Overview and Level Annotations

Branches:
Dungeon (4/15)
 Temple: D:4-7

Altars:


Innate Abilities, Weirdness & Mutations

You are small and have problems with some larger weapons.
You are completely attuned to the shadows.


Message History

The orc wizard casts a spell at you. The puff of flame hits you!
You barely miss the orc wizard.
The orc wizard is heavily wounded.
The orc priest invokes the aid of Beogh against you.
Beogh smites you!
The orc wizard hits you but does no damage.
You're too confused to move!
The orc wizard barely misses you.
You're too confused to move!
Your extra speed is starting to run out.
You're too confused to move!
The orc priest looks braver for a moment.
The orc hits you with a +0 club. The orc closely misses you.
The orc wizard misses you.
You sock the orc wizard!
You kill the orc wizard!
The orc closely misses you.
The orc priest hits you with a +0 short sword.
* * * LOW HITPOINT WARNING * * *
You feel less confused. The orc hits you with a +0 club.
* * * LOW HITPOINT WARNING * * *
You sock the orc!
You kill the orc!
The orc priest hits you but does no damage.
You closely miss the orc priest.
You feel yourself slow down.
The orc priest hits you with a +0 short sword.
* * * LOW HITPOINT WARNING * * *
You closely miss the orc priest.
The orc priest begins to cast a cantrip, but forgets the words!
You hit the orc priest.
The orc priest is moderately wounded.
The orc priest completely misses you.
You barely miss the orc priest.
The orc priest is moderately wounded.
The orc priest invokes the aid of Beogh against you.
Beogh smites you!
You die...

.##........
..........! .
.......... ...
#.......#
...##.(.(...#
.....)).....#
.....@o.....##
......).).....
...##......... ...
#.........
...........
.##..†....##########
.#####'#####....##..
.........#.........
##.......'>........


You could see an orc priest.

Vanquished Creatures
  Duvessa (D:4)
  Dowan (D:4)
  An orc priest (D:3)
  An orc wizard (D:4)
  4 adders
  A worm (D:3)
  6 orcs
  4 ball pythons
  A bat (D:3)
  4 endoplasms
  2 giant cockroaches
  4 hobgoblins
  2 quokkas
  2 goblins
  5 kobolds
  7 rats
46 creatures vanquished.

Notes
Turn   | Place    | Note
-------+----------+-------------------------------------------
     0 | D:1      | lesaewzxc the Kobold Arcane Marksman began the quest for
                  | the Orb.
     0 | D:1      | Reached XP level 1. HP: 12/12 MP: 2/2
   130 | D:1      | Reached XP level 2. HP: 11/16 MP: 3/3
   845 | D:2      | Reached XP level 3. HP: 21/21 MP: 5/5
  1101 | D:2      | Identified the +7 quarterstaff of Ufyamuewk {vorpal, rCorr}
  1344 | D:3      | Reached XP level 4. HP: 24/26 MP: 6/6
  1811 | D:3      | Reached XP level 5. HP: 10/30 MP: 8/8
  2230 | D:4      | Noticed Duvessa
  2267 | D:4      | Killed Duvessa
  2268 | D:4      | Reached XP level 6. HP: 28/36 MP: 6/9
  2269 | D:4      | Noticed Dowan
  2278 | D:4      | Killed Dowan
  2312 | D:4      | Killed from afar by an orc priest

Illustrated notes

Levels and vault maps discovered:
D:1:      wander_arrival_peaceful_grave, layout_loops_ring,
          dreamdust_ecumenical_altar_angels_and_demons, minivault_23
D:2:      layout_basic, amcnicky_mini_pool_small, minmay_small_reverse_x,
          uniq_crazy_yiuf_cottage
D:3:      layout_rooms, st_stairs_2, grunt_ministairs_8
D:4:      layout_gridville, minmay_temple_entry_arrows, uniq_pikel, uniq_robin,
          uniq_menkaure, uniq_blork_the_orc, uniq_eustachio, uniq_duvessa,
          uniq_edmund

Skill      XL: |  1  2  3  4  5  6 |
---------------+-------------------+-----
Crossbows      | 3 4 |  4.4
Dodging        | 3 4 |  4.0
Fighting       | 2 3 |  3.0
Spellcasting   | 2 |  2.8
Hexes          | 4 |  4.0

Action                   |  1- 3 |  4- 6 || total
-------------------------+-------+-------++-------
Melee: Quarterstaff      |     7 |    51 ||    58
 Fire: Hand crossbow     |    56 |       ||    56
Throw: Dart              |     5 |     5 ||    10
 Cast: Slow              |       |     3 ||     3
  Use: Scroll            |     3 |       ||     3
       Potion            |       |     8 ||     8
 Stab: Sleeping          |       |     2 ||     2
Armor: Robe              |    17 |     7 ||    24
Dodge: Dodged            |    39 |    35 ||    74

Table legend: (Time is in decaauts)
 A = Elapsed time spent in this place.
 B = Non-inter-level travel time spent in this place.
 C = Inter-level travel time spent in this place.
 D = Time resting spent in this place.
 E = Time spent auto-exploring this place.
 F = Levels seen in this place.
 G = Mean time per level.
                   A        B        C        D        E       F      G
               +--------+--------+--------+--------+--------+-----+--------+
         Total |   2318 |   2302 |     16 |      0 |    521 |   4 |  579.5 |
       Dungeon |   2318 |   2302 |     16 |      0 |    521 |   4 |  579.5 |
               +--------+--------+--------+--------+--------+-----+--------+

Top non-repeatable levels by time:
     D:3: 1029 daAuts
     D:1: 603 daAuts
     D:2: 572 daAuts
     D:4: 113 daAuts
